Unix NetHack Version 5.0.0-0 post-release - last build May  4 2026 22:22:43 (774f63e81ad911689b3a0859ea89b322d5daca8d,branch:main).

Game began 2026-05-06 08:34:17, ended 2026-05-06 09:09:52.

1212468021121, lawful female dwarven Valkyrie

                                                      ------
                                    `.................`....-
                                    ----- ----------------.`
                                                         |...
                                                       - |`...
                                                       |.|....--    ---
                                                       |.#.....|    -.--
                                                       |.|....------...|
                                                       | |....| |......|
                                                         |....---......|
                                                         |.........--.--
                                                         |........-----
                                                         |.......--
                                                         |...<....|
                                                         |........-       -----
                                                         |..........-------...|
                                            -----        |....................|
                                             ...         |........-------------
                       ---------- ------------#-----------...-- ..|
                      .......*.....@.......................---  ---
                                  --------------------------
1212468021121 the Skirmisher  St:18/03 Dx:11 Co:16 In:8 Wi:8 Ch:12  Lawful
Dlvl:7  $:72 HP:0(42) Pw:4(4) AC:6  Xp:4 T:1971  FoodPois

Latest messages:
 You hear a monster behind the boulder.
 Perhaps that's why you cannot move it.
 You hear a monster behind the boulder.
 Perhaps that's why you cannot move it.
 You hear a monster behind the boulder.
 Perhaps that's why you cannot move it.
 You hear a monster behind the boulder.
 Perhaps that's why you cannot move it.
 You hear a monster behind the boulder.
 Perhaps that's why you cannot move it.
 You hear a door open.
 With great effort you move the boulder.
 Clonk!
 What do you want to throw? [$bfnpz or ?*] ?
 In what direction? 1
 The orcish dagger slips as you throw it!
 Ogbaneu of Aiakhogun wields a scimitar!
 You hit Ogbaneu of Aiakhogun!
 You kill Ogbaneu of Aiakhogun!
 Welcome to experience level 4.
 $ - 21 gold pieces (72 in total).
 A - a scimitar.
 You see here an orcish dagger.
 f - an orcish dagger.
 Double run prefix, canceled.
 You are beginning to feel hungry.
 What do you want to eat? [d or ?*] ?
 This food really hits the spot!
 You finish eating the food ration.
 You hear an orc-captain incant XIXAXA XOXAXA XUXAXA.
 Call a scroll labeled XIXAXA XOXAXA XUXAXA: 
 You hear a distant zap.
 You hear something crash through the floor.
 You hear a chugging sound.
 You notice a bovine smell.
 You hear a clank.
 You see here a watch captain corpse.
 There is a watch captain corpse here; eat it? [ynq] (n) y
 Ulch - that meat was tainted!
 You feel deathly sick.
 (It must have died too long ago to be safe to eat.)
 Your sickness feels worse.
 Your sickness is severe.
 You are at Death's door.
 You die from your illness.
 Do you want your possessions identified? [ynq] (y) y
 Do you want to see your attributes? [ynq] (y) y
 Do you want an account of creatures vanquished? [ynaq] (y) y
 Do you want to see your conduct and achievements? [ynq] (y) y
 Do you want to see the dungeon overview? [ynq] (y) y

Inventory:
 Coins    ('$')
  $ - 72 gold pieces
 Weapons  (')')
  z - 4 blessed +0 darts
  b - 2 +0 daggers (at the ready)
  a - a +1 dwarvish spear (weapon in right hand)
  n - a +0 orcish dagger
  f - a cursed -3 orcish dagger
  p - a +0 orcish spear
  A - a +0 scimitar
 Armor    ('[')
  e - an uncursed +0 orcish helm
  c - an uncursed +3 small shield (being worn)
  q - a blessed +1 chain mail
 Potions  ('!')
  j - an uncursed potion of extra healing
  g - 2 uncursed potions of healing
  w - an uncursed potion of oil
 Gems/Stones  ('*')
  r - 2 uncursed garnet stones
  t - an uncursed jacinth stone
  k - an uncursed jasper stone
  o - 2 uncursed worthless pieces of green glass
  h - a cursed worthless piece of red glass
  s - an uncursed worthless piece of white glass
  i - a cursed worthless piece of white glass
  x - an uncursed worthless piece of yellow glass
  y - an uncursed luckstone

1212468021121 the Valkyrie's attributes:

Background:
 You were a Skirmisher, a level 4 dwarven Valkyrie.
 You were lawful, nominally on a mission for Tyr
 who was opposed by Odin (neutral) and Loki (chaotic).
 You were right-handed.
 You were in the Gnomish Mines, on level 7.
 You entered the dungeon 1971 turns ago.
 You had 83 experience points, 77 more were needed to attain level 5.

Basics:
 You had 0 out of 42 hit points.
 You had all 4 energy points (spell power).
 Your armor class was 6.
 Your wallet contained 72 zorkmids.
 Autopickup was off.

Final Characteristics:
 Your strength was 18/03 (peak:18/05, limit:18/100).
 Your dexterity was 11 (limit:20).
 Your constitution was 16 (limit:20).
 Your intelligence was 8 (limit:16).
 Your wisdom was 8 (limit:16).
 Your charisma was 12 (limit:16).

Final Status:
 You died from food poisoning.
 You weren't hungry.
 You were unencumbered.
 You were wielding a spear.
 You had basic skill with spear.

Final Attributes:
 You were devoutly aligned.
 You were cold resistant.
 You were telepathic.
 You had infravision.
 You were stealthy.
 You were lucky.
 You had extra luck.
 Bad luck did not time out for you.
 Good luck did not time out for you.
 You are dead.

Miscellaneous:
 You didn't encounter any bones levels.
 Total elapsed playing time was 35 minutes and 34 seconds.

Major events:
 Turn
    1: 1212468021121 the lawful dwarven Valkyrie entered the dungeon
 1097: attained the rank of Skirmisher (level 3)
 1125: entered the Gnomish Mines
 1809: reached Mine Town
 1971: poisoned by a rotted watch captain corpse

You didn't know any spells.

Skills:
 Fighting Skills
   bare handed combat [Unskilled]
   two weapon combat  [Unskilled]
   riding             [Unskilled]
 Weapon Skills
   dagger             [Basic]
   axe                [Unskilled]
   pick-axe           [Unskilled]
   short sword        [Unskilled]
   broadsword         [Unskilled]
   long sword         [Unskilled]
   two-handed sword   [Unskilled]
   saber              [Unskilled]
   hammer             [Unskilled]
   quarterstaff       [Unskilled]
   polearms           [Unskilled]
   spear              [Basic]
   trident            [Unskilled]
   lance              [Unskilled]
   sling              [Unskilled]
 Spellcasting Skills
   attack spells      [Unskilled]
   escape spells      [Unskilled]

Voluntary challenges:
 Character rerolling was not enabled.
 You were an atheist.
 You never genocided any monsters.
 You never polymorphed an object.
 You never changed form.
 You used no wishes.
Achievements:
 You entered a shop.
 You attained the rank of Skirmisher.
 You entered the Gnomish Mines.
 You entered Minetown.

 The Dungeons of Doom: levels 1 to 4
    Level 1:
    Level 2:
       A general store.
    Level 3:
       A sink.
    Level 4:
       A fountain.
       Stairs down to The Gnomish Mines.
 The Gnomish Mines: levels 5 to 7
    Level 5:
    Level 6:
    Level 7: <- You were here.
       Final resting place for
          you, poisoned by a rotted watch captain corpse.


Vanquished creatures:
  a floating eye
  a hill orc
 an iguana
  a hobbit
  5 gnomes
  a gecko
  4 jackals
  a fox
  2 kobolds
  2 goblins
  3 sewer rats
  a grid bug
  2 bats
  a lichen
  2 newts
28 creatures vanquished.

No species were genocided or became extinct.

Game over:
                       ----------
                      /          \
                     /    REST    \
                    /      IN      \
                   /     PEACE      \
                  /                  \
                  |  1212468021121   |
                  |      72 Au       |
                  |  poisoned by a   |
                  |   rotted watch   |
                  |  captain corpse  |
                  |                  |
                  |       2026       |
                 *|     *  *  *      | *
        _________)/\\_//(\/(/\)/\//\/|_)_______

Farvel 1212468021121 the Valkyrie...

You were poisoned in The Gnomish Mines on dungeon level 7 with 707 points,
and 72 pieces of gold, after 1971 moves.
You were level 4 with a maximum of 42 hit points when you were poisoned.

